 Dungeon Crawl Stone Soup version 0.23.0 (webtiles) character file.

Game seed: 10121002686963251607

3126 bpy6 the Covert (level 9, -2/57 HPs)
             Began as a Vampire Enchanter on Feb 13, 2019.
             Was a Believer of Dithmenos.
             Hit by a javelin thrown by Urug (10 damage)
             ... on level 10 of the Dungeon.
             The game lasted 00:46:18 (6830 turns).

bpy6 the Covert (Vampire Enchanter)                 Turns: 6830, Time: 00:46:18

Health: -2/57      AC:  7    Str:  3    XL:     9   Next: 61%
Magic:  23/26      EV: 13    Int: 19    God:    Dithmenos [**....]
Gold:   547        SH:  0    Dex: 24    Spells: 4/18 levels left

rFire    + . .     SeeInvis +   J - +12 long sword of Suomuk {elec, rF+ Str-4 Dex+3}
rCold    . . .     Gourm    +   (no shield)
rNeg     + . .     Faith    .   b - +0 robe
rPois    .         Spirit   .   j - +2 helmet
rElec    .         Reflect  .   (no cloak)
rCorr    .         Harm     .   B - +0 pair of gloves
MR       .....                  C - +0 pair of boots
Stlth    +++++++...             I - amulet of the gourmand
HPRegen  0.19/turn              d - ring of magical power
MPRegen  0.20/turn              p - +5 ring of dexterity

@: lethally poisoned (-2 -> -11), wreathed by umbra
A: rotting body, fangs 3, see invisible, unbreathing
a: Bat Form, Shadow Step, Renounce Religion


You were on level 10 of the Dungeon.
You worshipped Dithmenos.
Dithmenos was pleased with you.
You were not thirsty.

You visited 2 branches of the dungeon, and saw 11 of its levels.

You collected 547 gold pieces.

Inventory:

Hand Weapons
 f - a +0 short sword of draining
 F - a +2 dagger of venom
 J - the +12 long sword of Suomuk (weapon) {elec, rF+ Str-4 Dex+3}
   (You found it on level 8 of the Dungeon)

   Occasionally, upon striking a foe, it will discharge some electrical energy
   and cause terrible harm.
   It affects your strength (-4).
   It affects your dexterity (+3).
   It protects you from fire.
Armour
 b - a +0 robe (worn)
 j - a +2 helmet (worn)
 B - a +0 pair of gloves (worn)
 C - a +0 pair of boots (worn)
Jewellery
 d - a ring of magical power (left hand)
 h - an uncursed ring of flight
 p - a +5 ring of dexterity (right hand)
 D - an uncursed ring of positive energy
 H - an uncursed ring of magical power
 I - an amulet of the gourmand (around neck)
Wands
 a - a wand of enslavement (10)
 x - a wand of iceblast (11)
 z - a wand of acid (12)
 A - a wand of digging (8)
 G - a wand of disintegration (8)
 K - a wand of flame (13)
 M - a wand of polymorph (8)
Scrolls
 e - a scroll of blinking {unknown}
 g - 7 scrolls of teleportation {unknown}
 k - a scroll of immolation {unknown}
 n - 5 scrolls of remove curse {unknown}
 r - a scroll of magic mapping {unknown}
 s - a scroll of fear {unknown}
 u - 3 scrolls of amnesia {unknown}
 v - 2 scrolls of enchant weapon {unknown}
 y - a scroll of enchant armour {unknown}
 E - a scroll of fog {unknown}
Potions
 c - a potion of berserk rage
 i - 4 potions of haste
 l - a potion of resistance
 m - a potion of magic {unknown}
 o - 3 potions of brilliance
 q - 5 potions of flight
 t - a potion of might {unknown}
 w - 12 potions of blood
 L - 2 potions of lignification {unknown}


   Skills:
 - Level 5.7(5.8) Short Blades
 + Level 1.0(3.4) Long Blades
 - Level 2.1 Dodging
 * Level 12.5 Stealth
 + Level 5.3 Spellcasting
 - Level 10.0 Hexes
 * Level 3.6 Translocations


You had 4 spell levels left.
You knew the following spells:

 Your Spells              Type           Power        Failure   Level  Hunger
a - Corona                Hex            #####..      1%          1    None
b - Ensorcelled Hibernat  Hex/Ice        ###...       2%          2    None
c - Confuse               Hex            #####...     1%          3    ##.....
d - Tukima's Dance        Hex            #####...     1%          3    ##.....
e - Vampiric Draining     Necr           #.........   34%         3    ##.....
f - Blink                 Tloc           N/A          4%          2    None

Your spell library contained the following spells:

 Spells                   Type           Power        Failure   Level  Hunger
 Slow                     Hex            #####...     1%          2    None
 Dazzling Spray           Conj/Hex       ###...       4%          3    ##.....
 Animate Skeleton         Necr           N/A          12%         1    None
 Beastly Appendage        Tmut           #.....       12%         1    None
 Magic Dart               Conj           #...         12%         1    None
 Pain                     Necr           #...         12%         1    None
 Call Imp                 Summ           #.......     19%         2    None
 Sticks to Snakes         Tmut           #.......     19%         2    None
 Conjure Flame            Conj/Fire      #.......     34%         3    ##.....
 Mephitic Cloud           Conj/Pois/Air  #.......     34%         3    ##.....
 Regeneration             Chrm/Necr      #.........   34%         3    ##.....
 Spider Form              Tmut/Pois      #.........   34%         3    ##.....
 Animate Dead             Necr           N/A          75%         4    ####...
 Ice Form                 Ice/Tmut       #.......     75%         4    ####...
 Blade Hands              Tmut           #.........   97%         5    #####..


Dungeon Overview and Level Annotations

Branches:
Dungeon (9/15)             Temple (1/1) D:4
   Lair: D:8-11         Orc: D:9-12

Altars:
Ashenzari
Cheibriados
Dithmenos
Elyvilon
Fedhas
Gozag
Hepliaklqana
Kikubaaqudgha
Makhleb
Nemelex Xobeh
Okawaru
Qazlal
Ru
Sif Muna
Trog
Uskayaw
Vehumet
Wu Jian
Xom
Yredelemnul
Zin
The Shining One
Jiyva

Shops:
D:6 *   D:8 :?[:   D:9 ?[

Annotations:
D:6 Artagas's ghost, novice CeAE
D:7 3 runed translucent doors, Flugkiller's ghost, novice KoCK; H0rd4k's ghost, journeyman HuAr
D:10 Urug


Innate Abilities, Weirdness & Mutations

Your body is rotting away.
You thrive on raw meat.
You have razor-sharp teeth.
You have supernaturally acute eyesight. (SInv)
You can survive without breathing.


Message History

Press: ? - help, Shift-Dir - straight line, f - Urug
Aim: Urug, wielding a +3 glaive of venom, wearing a +0 scale mail and carrying a wand of polymorph (9) (lightly wounded, chance to defeat MR: 62%)
The +3 glaive of venom dances into the air!
You feel sick.
Urug throws a javelin.
The javelin barely misses your +3 glaive of venom.
The javelin hits you!!
* * * LOW HITPOINT WARNING * * *
Okay, then.
* * * LOW HITPOINT WARNING * * *
You feel sick.
Urug throws a javelin.
The javelin hits your +3 glaive of venom.
* * * LOW HITPOINT WARNING * * *
You feel sick.
Urug throws a javelin.
The javelin hits your +3 glaive of venom!!
Your +3 glaive of venom falls from the air.
* * * LOW HITPOINT WARNING * * *
You feel sick.
* * * LOW HITPOINT WARNING * * *
You feel sick.
Urug throws a javelin.
The javelin hits you!
You die...

#.# #.####......... #.# #.#
#.######## #.# #.# #.# ##.###.#
#.# #......# #.# # #ยง.##..#
#.###########.### #.....$o##..#
#.#..............
#.#####.##..####.#.#####..#...#
#.##)....@...# #.## #
#..o)(.....##....).%.#
#####.######..####.### #.# .#
#.. #.# #. #.. #.# # ..>. #.#
##.. #.# ..# #.#


You could see Urug.

Vanquished Creatures
  Grinder (D:3)
  A hungry ghost (D:7)
  Menkaure (D:6)
  2 ice beasts (D:7)
  2 phantoms
  6 ogres
  A centaur (D:7)
  A bullfrog (D:10)
  A wyvern skeleton (D:10)
  2 scorpions (D:5)
  2 howler monkeys
  4 crimson imps
  A centaur zombie (D:6)
  2 jellies
  A quasit (D:8)
  7 orc priests
  5 hounds
  Crazy Yiuf (D:7)
  7 orc wizards
  A centaur skeleton (D:8)
  4 iguanas
  7 worker ants
  A hound skeleton (D:7)
  8 gnolls
  9 adders
  2 shadow imps
  2 worms (D:2)
  6 dart slugs
  A leopard gecko (D:1)
  19 orcs
  4 giant cockroaches
  3 goblins
  4 hobgoblins
  13 jackals
  8 kobolds
  4 quokkas
  5 bats
  4 frilled lizards
  2 leopard gecko skeletons
  2 rats (D:2)
157 creatures vanquished.

Vanquished Creatures (collateral kills)
  An ogre (D:6)
  An orc (D:7)
2 creatures vanquished.

Vanquished Creatures (others)
  A dancing weapon (D:10)
  4 plants (D:6)
  2 withered plants (D:7)
7 creatures vanquished.

Grand Total: 166 creatures vanquished

Notes
Turn   | Place    | Note
-------+----------+-------------------------------------------
     0 | D:1      | bpy6 the Vampire Enchanter began the quest for the Orb.
     0 | D:1      | Reached XP level 1. HP: 13/13 MP: 3/3
   149 | D:1      | Reached XP level 2. HP: 17/19 MP: 5/5
   197 | D:1      | Learned a level 2 spell: Ensorcelled Hibernation
   305 | D:1      | Reached skill level 5 in Stealth
   357 | D:1      | Reached skill level 5 in Hexes
   673 | D:1      | Reached XP level 3. HP: 24/24 MP: 6/6
  1009 | D:2      | Found an iron altar of Okawaru.
  1392 | D:3      | Reached XP level 4. HP: 30/30 MP: 4/7
  1630 | D:3      | Reached skill level 6 in Stealth
  1850 | D:3      | Noticed Grinder
  1873 | D:3      | Paralysed by Grinder for 3 turns
  1948 | D:3      | Reached XP level 5. HP: 34/35 MP: 8/8
  1953 | D:3      | Learned a level 3 spell: Confuse
  1957 | D:3      | Learned a level 3 spell: Tukima's Dance
  2438 | D:3      | Killed Grinder
  2438 | D:3      | Reached skill level 7 in Stealth
  2438 | D:3      | Reached XP level 6. HP: 17/41 MP: 0/10
  2719 | D:4      | Found a staircase to the Ecumenical Temple.
  2730 | D:4      | Reached skill level 8 in Stealth
  2734 | Temple   | Entered the Ecumenical Temple
  2987 | D:4      | Reached XP level 7. HP: 46/46 MP: 11/11
  3112 | D:4      | Found an iron altar of Okawaru.
  3436 | D:4      | Found a radiant altar of Vehumet.
  3656 | D:5      | Entered Level 5 of the Dungeon
  3660 | D:5      | Found a shimmering altar of Xom.
  3829 | D:5      | Reached skill level 9 in Stealth
  3956 | D:5      | Reached XP level 8. HP: 40/52 MP: 13/13
  4039 | D:5      | Found a snail-covered altar of Cheibriados.
  4039 | D:5      | Found an ancient bone altar of Kikubaaqudgha.
  4492 | D:6      | Reached skill level 10 in Stealth
  4501 | D:6      | Found a hide-covered altar of Uskayaw.
  4508 | D:6      | Found an opulent altar of Gozag.
  4510 | D:6      | Found a deep blue altar of Sif Muna.
  4510 | D:6      | Found a sparkling altar of Nemelex Xobeh.
  4510 | D:6      | Found a hazy altar of Hepliaklqana.
  4511 | D:6      | Found a shadowy altar of Dithmenos.
  4515 | D:6      | Became a worshipper of Dithmenos the Shadowed
  4518 | D:6      | Found a glowing silver altar of Zin.
  4519 | D:6      | Found a stormy altar of Qazlal.
  4640 | D:6      | Found a transporter.
  4684 | D:6      | Noticed Menkaure
  4890 | D:6      | Killed Menkaure
  4890 | D:6      | Reached skill level 10 in Hexes
  4927 | D:6      | Found a transporter.
  4993 | D:6      | Found Baecaf's Elemental Accessories.
  5005 | D:6      | Learned a level 3 spell: Vampiric Draining
  5008 | D:6      | Learned a level 2 spell: Blink
  5133 | D:6      | Noticed Artagas's ghost (novice CeAE)
  5185 | D:7      | Reached skill level 5 in Short Blades
  5264 | D:7      | Reached skill level 11 in Stealth
  5264 | D:7      | Reached skill level 1 in Translocations
  5317 | D:7      | Reached * piety under Dithmenos
  5317 | D:7      | Reached XP level 9. HP: 27/57 MP: 0/16
  5584 | D:7      | Found a runed translucent gate.
  5585 | D:7      | Found a runed translucent gate.
  5586 | D:7      | Found a runed translucent gate.
  5587 | D:7      | Noticed H0rd4k's ghost (journeyman HuAr)
  5587 | D:7      | Noticed Flugkiller's ghost (novice KoCK)
  5628 | D:7      | Reached skill level 5 in Spellcasting
  5752 | D:7      | Found a runed translucent door.
  5753 | D:7      | Noticed Crazy Yiuf
  5999 | D:7      | Killed Crazy Yiuf
  5999 | D:7      | Reached skill level 12 in Stealth
  6193 | D:8      | Got a fine long sword
  6194 | D:8      | Identified the +12 long sword of Suomuk {elec, rF+ Str-4
                  | Dex+3} (You found it on level 8 of the Dungeon)
  6302 | D:8      | Reached ** piety under Dithmenos
  6348 | D:8      | Found Teumn's Book Emporium.
  6388 | D:8      | Found Gebuh's Antique Armour Boutique.
  6458 | D:8      | Found Tusad's Book Boutique.
  6567 | D:8      | Found a white marble altar of Elyvilon.
  6603 | D:8      | Found Luups's Magic Scroll Boutique.
  6728 | D:9      | Found Nealac's Magic Scroll Shoppe.
  6755 | D:9      | Found Boisiq's Armour Shop.
  6771 | D:9      | You fall through a shaft!
  6771 | D:10     | Entered Level 10 of the Dungeon
  6783 | D:10     | Reached skill level 1 in Long Blades
  6815 | D:10     | Noticed Urug
  6830 | D:10     | Hit by a javelin thrown by Urug

Skill      XL: |  1  2  3  4  5  6  7  8  9 |
---------------+----------------------------+-----
Stealth        | 5 6 7 8 9 11 12 | 12.5
Hexes          | 5 6 7 8 10 | 10.0
Short Blades   | 2 3 4 5 |  5.7
Spellcasting   | 3 4 5 |  5.3
Translocations | 1 3 |  3.6
Long Blades    | 1 |  1.0
Dodging        | |  2.1

Action                   |  1- 3 |  4- 6 |  7- 9 || total
-------------------------+-------+-------+-------++-------
Melee: Dagger            |    93 |    75 |       ||   168
       Bite              |     6 |     4 |    21 ||    31
       Short sword       |       |    18 |   167 ||   185
       Long sword        |       |       |    35 ||    35
 Cast: Ensorcelled Hiber |     9 |    20 |    89 ||   118
       Corona            |     1 |       |       ||     1
       Confuse           |       |    10 |    13 ||    23
       Tukima's Dance    |       |       |     5 ||     5
       Blink             |       |       |     2 ||     2
  Use: Potion            |     5 |     1 |    12 ||    18
       Scroll            |       |     4 |     4 ||     8
 Stab: Sleeping          |    16 |    15 |    70 ||   101
       Confused          |       |     4 |     5 ||     9
  Eat: Corpse            |     2 |     3 |     4 ||     9
Armor: Robe              |    18 |    17 |    47 ||    82
Dodge: Dodged            |    57 |    44 |   123 ||   224
       Rpst.: Long sword |       |       |     3 ||     3
